 Dungeon Sprint DCSS version 0.16-a0-3841-g2612308 (console) character file.

2195 Monkaria the Fencer (level 9, -3/90 HPs)
             Began as a Hill Orc Fighter on Jan 30, 2015.
             Was a Plaything of Xom.
             Slain by an eight-headed hydra (6 damage)
             ... in the Dungeon (Sprint IX: "|||||||||||||||||||||||||||||").
             The game lasted 00:02:45 (1082 turns).

Monkaria the Fencer (Hill Orc Fighter)              Turns: 1082, Time: 00:02:45

Health: -3/90      AC: 17    Str: 22    XL:     9   Next: 34%
Magic:  9/9        EV:  4    Int: 11    God:    Xom [..*...]
Gold:   11         SH:  9    Dex: 10    Spells: 0 memorised, 8 levels left

rFire  . . .     SeeInvis .     o - +2 scimitar (holy)
rCold  . . .     Clarity  .     q - +0 plate armour (curse)
rNeg   . . .     SustAb   .     c - +0 shield
rPois  .         Gourm    .     (no helmet)
rElec  .         Spirit   .     p - +0 cloak
rCorr  .         Warding  .     (no gloves)
rMut   .         NoTele   +     (no boots)
MR     .....                    (no amulet)
Stlth  ..........               s - +2 ring of protection
                                r - +3 ring of intelligence

@: not resistant to hostile enchantments, extremely unstealthy
A: no striking features
a: Renounce Religion


You were in the Dungeon.
You worshipped Xom.
You were a toy of Xom.
You were hungry.

You visited 1 branch You collected 11 gold pieces.

Inventory:

Hand weapons
 o - a +2 scimitar of holy wrath (weapon)
Armour
 c - a +0 shield (worn)
 p - a +0 cloak (worn)
 q - a cursed +0 plate armour (worn)
Jewellery
 r - a +3 ring of intelligence (left hand)
 s - a +2 ring of protection (right hand)
Magical devices
 n - a wand of draining (0)
Scrolls
 b - a scroll of recharging
 k - 2 scrolls of blinking
 l - 4 scrolls of remove curse
 m - 2 scrolls of amnesia
 t - 4 scrolls of enchant weapon
 u - 2 scrolls of enchant armour
Potions
 a - a potion of resistance
 e - a potion of invisibility
 f - 5 potions of curing
 g - 10 potions of heal wounds
 h - a potion of haste
 i - 4 potions of magic
 j - a potion of berserk rage
Comestibles
 d - a meat ration


   Skills:
 - Level 12.1 Fighting
 * Level 17.3 Long Blades
 + Level 8.1 Armour
 - Level 3.2 Shields


You had 8 spell levels left.
You didn't know any spells.

Dungeon Overview and Level Annotations

Branches:
Dungeon (1/1)

Altars:
Cheibriados
Dithmenos
Elyvilon
Fedhas
Gozag
Kikubaaqudgha
Makhleb
Nemelex Xobeh
Okawaru
Qazlal
Ru
Sif Muna
Trog
Vehumet
Xom
Yredelemnul
Zin
The Shining One
Beogh
Jiyva
Lugonu


Message History

The komodo dragon is drained!
The komodo dragon is almost dead.
The bolt of negative energy hits the polar bear.
The polar bear is drained!
The polar bear is heavily wounded.
This wand has 0 charges left.
The seven-headed hydra bites you but does no damage. x6
You block the seven-headed hydra's attack.
You slice one of the seven-headed hydra's heads off!
The six-headed hydra grows two more!
You hit the eight-headed hydra.
The eight-headed hydra is severely wounded.
The eight-headed hydra bites you but does no damage.
The eight-headed hydra bites you.
* * * LOW HITPOINT WARNING * * *
The eight-headed hydra bites you.
* * * LOW HITPOINT WARNING * * *
The eight-headed hydra bites you but does no damage. x3
The eight-headed hydra bites you.
You die...
Xom roars with laughter!

▓▓▓▓▓▓▓▓▓▓▓▓▓▓▓▓▓▓▓▓▓▓▓▓▓▓▓▓▓▓▓▓▓
(.)...'.....'____________________
▓▓▓▓▓▓▓▓▓▓▓▓▓▓▓▓▓▓▓▓▓▓▓▓▓▓▓▓▓▓▓▓▓
.................................
▓▓▓▓▓▓▓▓▓▓▓▓▓▓▓▓▓▓▓▓▓▓▓▓▓▓▓▓▓▓▓▓▓
..'......)[.....@Dlh.....
▓▓▓▓▓▓▓▓▓▓▓▓▓▓▓▓▓▓▓▓▓▓▓▓▓


o You could see an eight-headed hydra, a polar bear and a komodo dragon.

Vanquished Creatures
  A hydra (D)
  A spiny frog (D)
  A slime creature (D)
  2 yaks (D)
  A soldier ant (D)
  A hippogriff (D)
  A sky beast (D)
  2 phantoms (D)
  An eye of draining (D)
  A giant frog (D)
  A worker ant (D)
  A mummy (D)
  3 adders (D)
  An adder skeleton (D)
  2 bats (D)
  A giant cockroach (D)
  A kobold (D)
  2 quokkas (D)
  3 goblins (D)
  A rat (D)
28 creatures vanquished.

Notes
Turn   | Place    | Note
--------------------------------------------------------------
     0 | D        | Monkaria, the Hill Orc Fighter, began the quest for the Orb.
     0 | D        | Reached XP level 1. HP: 19/19 MP: 1/1
    20 | D        | Reached skill level 4 in Fighting
   202 | D        | Noticed a phantom
   202 | D        | Noticed a sky beast
   216 | D        | Killed a sky beast
   216 | D        | Reached skill level 7 in Fighting
   216 | D        | Reached skill level 8 in Long Blades
   216 | D        | Reached XP level 2. HP: 17/34 MP: 2/2
   216 | D        | Reached XP level 3. HP: 19/39 MP: 3/3
   216 | D        | Reached XP level 4. HP: 22/47 MP: 4/4
   245 | D        | HP: 1/47 [phantom (8)]
   252 | D        | HP: 1/47 [phantom (1)]
   259 | D        | Killed a phantom
   259 | D        | Reached skill level 10 in Long Blades
   259 | D        | Reached XP level 5. HP: 2/56 MP: 5/5
   558 | D        | Found a glowing silver altar of Zin.
   558 | D        | Found a glowing golden altar of the Shining One.
   558 | D        | Found an ancient bone altar of Kikubaaqudgha.
   558 | D        | Found a basalt altar of Yredelemnul.
   558 | D        | Found a shimmering altar of Xom.
   558 | D        | Found a radiant altar of Vehumet.
   558 | D        | Found an iron altar of Okawaru.
   559 | D        | Found a burning altar of Makhleb.
   560 | D        | Found a deep blue altar of Sif Muna.
   561 | D        | Found a bloodstained altar of Trog.
   562 | D        | Found a sparkling altar of Nemelex Xobeh.
   563 | D        | Found a white marble altar of Elyvilon.
   564 | D        | Found a roughly hewn altar of Beogh.
   565 | D        | Became a worshipper of Xom of Chaos
   566 | D        | Found a viscous altar of Jiyva.
   567 | D        | Found a corrupted altar of Lugonu.
   568 | D        | Found a blossoming altar of Fedhas.
   569 | D        | Found a snail-covered altar of Cheibriados.
   570 | D        | Found a shadowy altar of Dithmenos.
   571 | D        | Found a stormy altar of Qazlal.
   572 | D        | Found an opulent altar of Gozag.
   573 | D        | Found a sacrificial altar of Ru.
   622 | D        | Noticed a yak
   622 | D        | Noticed a phantom
   627 | D        | XOM: potion effect (might)
   630 | D        | XOM: potion effect (might)
   634 | D        | Killed a yak
   634 | D        | Reached skill level 10 in Fighting
   634 | D        | Reached skill level 12 in Long Blades
   634 | D        | Reached XP level 6. HP: 56/66 MP: 6/6
   638 | D        | Killed a phantom
   638 | D        | Reached XP level 7. HP: 62/73 MP: 7/7
   649 | D        | Noticed a slime creature
   649 | D        | Noticed a worker ant
   649 | D        | Noticed an eye of draining
   649 | D        | Noticed a giant frog
   649 | D        | Noticed a soldier ant
   653 | D        | Killed a slime creature
   653 | D        | Reached skill level 13 in Long Blades
   700 | D        | XOM: harmless Pois miscast
   708 | D        | Killed a worker ant
   710 | D        | Killed an eye of draining
   710 | D        | Reached skill level 14 in Long Blades
   712 | D        | Killed a giant frog
   715 | D        | XOM: divination: detect creatures
   725 | D        | Killed a soldier ant
   725 | D        | Reached XP level 8. HP: 40/83 MP: 1/8
  1072 | D        | Noticed a six-headed hydra
  1072 | D        | Noticed a yak
  1072 | D        | Noticed a spiny frog
  1072 | D        | Noticed a hippogriff
  1072 | D        | Noticed a seven-headed hydra
  1072 | D        | Noticed a komodo dragon
  1076 | D        | Killed a yak
  1076 | D        | Reached skill level 15 in Long Blades
  1076 | D        | Killed a hippogriff
  1077 | D        | Noticed a polar bear
  1077 | D        | Killed a six-headed hydra
  1077 | D        | Reached skill level 16 in Long Blades
  1077 | D        | Reached XP level 9. HP: 43/90 MP: 9/9
  1078 | D        | Killed a spiny frog
  1078 | D        | Reached skill level 17 in Long Blades
  1082 | D        | HP: 3/90 [eight-headed hydra (3)]
  1082 | D        | Slain by an eight-headed hydra

Action                   |  1- 3 |  4- 6 |  7- 9 || total
-------------------------+-------+-------+-------++-------
Melee: Long sword        |    31 |    24 |       ||    55
       Scimitar          |       |    15 |    29 ||    44
Evoke: Wand              |       |       |     7 ||     7
  Use: Potion            |     2 |       |       ||     2
